 Dungeon Crawl Stone Soup version 0.29.1-12-g30fa7ad0bf (webtiles) character file.

Game seed: 7674514405082646390

3213 retardedninja the Fighter (level 9, 0/83 HPs)
             Began as a Minotaur Fighter on Jan 17, 2023.
             Was an Initiate of Gozag.
             Killed from afar by an electric eel (10 damage)
             ... with a bolt of electricity
             ... on level 7 of the Dungeon.
             The game lasted 00:09:00 (9765 turns).

retardedninja the Fighter (Minotaur Fighter)        Turns: 9765, Time: 00:09:00

Health: 0/83       AC: 19    Str: 25    XL:     9   Next: 65%
Magic:  8/8        EV:  6    Int:  5    God:    Gozag
Gold:   597        SH: 10    Dex: 10    Spells: 8/8 levels left

rFire   . . .      SeeInvis .   a - +0 war axe
rCold   . . .      Faith    .   u - +0 kite shield
rNeg    . . .      Spirit   .   m - +0 plate armour
rPois   .          Reflect  .   w - +1 hat
rElec   .          Harm     .   v - +0 cloak
rCorr   .          Rampage  .   h - +0 pair of gloves
Will    .....                   f - +0 pair of boots
Stlth   ..........              (no amulet)
HPRegen 0.23/turn               (no ring)
MPRegen 0.11/turn               (no ring)

@: mighty, studying Summonings
A: horns 2, retaliatory headbutt
a: Renounce Religion, Potion Petition, Call Merchant, Bribe Branch


You were on level 7 of the Dungeon.
You worshipped Gozag.
Gozag was pleased with you.
You visited 2 branches of the dungeon, and saw 8 of its levels.

You collected 688 gold pieces.
You paid 91 gold pieces to Gozag.

Inventory:

Hand Weapons
 a - a +0 war axe (weapon)
Armour
 f - a +0 pair of boots (worn)
 h - a +0 pair of gloves (worn)
 m - a +0 plate armour (worn)
 u - a +0 kite shield (worn)
 v - a +0 cloak (worn)
 w - a +1 hat (worn)
Jewellery
 b - a ring of see invisible
 l - a ring of protection from fire
Wands
 x - a wand of polymorph (8)
Scrolls
 j - a scroll of amnesia
 k - a scroll of identify
 p - 2 scrolls of poison
 q - a scroll of enchant armour {unknown}
 r - a scroll of silence
 y - a scroll of butterflies {unknown}
 z - a scroll of teleportation
 A - a scroll of enchant weapon {unknown}
 C - a scroll of magic mapping
Potions
 c - 2 potions of attraction
 e - a potion of lignification {unknown}
 g - a potion of degeneration {unknown}
 i - a potion of haste {unknown}
 o - 2 potions of magic {unknown}
 s - a potion of mutation
 t - a potion of curing
 B - a potion of flight {unknown}


   Skills:
 + Level 9.0 Fighting
 + Level 8.6 Axes
 + Level 9.0 Armour
 + Level 9.0 Shields


You had 8 spell levels left.
You didn't know any spells.
Your spell library contained the following spells:

 Spells                   Type           Power      Damage    Failure   Level
 Magic Dart               Conj           0%         1d3       100%        1
 Necrotise                Necr           0%         1d4       100%        1
 Call Imp                 Summ           0%         N/A       100%        2
 Mephitic Cloud           Conj/Pois/Air  0%         N/A       100%        3
 Vampiric Draining        Necr           0%         2d6       100%        3
 Agony                    Necr           0%         N/A       100%        5


Dungeon Overview and Level Annotations

Branches:
Dungeon (7/15)             Temple (1/1) D:5

Altars:
Ashenzari
Cheibriados
Dithmenos
Elyvilon
Fedhas
Gozag
Hepliaklqana
Kikubaaqudgha
Makhleb
Nemelex Xobeh
Okawaru
Qazlal
Ru
Sif Muna
Trog
Uskayaw
Vehumet
Wu Jian
Xom
Yredelemnul
The Shining One

Shops:
D:1 :


Innate Abilities, Weirdness & Mutations

You have a pair of horns on your head.
You reflexively headbutt those who attack you in melee.


Message History

The electric eel is moderately wounded.
You miss the electric eel.
The electric eel shoots out a bolt of lightning at you!
The bolt of electricity hits you but does no damage.
Unknown command.
You feel better.
The electric eel shoots out a bolt of lightning at you!
The bolt of electricity misses you. The bolt of electricity hits you.
The bolt of electricity hits the electric eel.
The electric eel completely resists.
You feel very mighty all of a sudden.
You slash the electric eel!
The electric eel is almost dead.
You slash the electric eel!
The electric eel shoots out a bolt of lightning at you!
The bolt of electricity hits you!
* * * LOW HITPOINT WARNING * * *
You miss the electric eel.
The electric eel is almost dead.
You closely miss the electric eel.
The electric eel shoots out a bolt of lightning at you!
The bolt of electricity hits you but does no damage.
The bolt of electricity hits you!
* * * LOW HITPOINT WARNING * * *
The bolt of electricity misses the electric eel.
Okay, then.
Blink to where?
Press: ? - help, Dir - move target
As you read the scroll of blinking, it crumbles to dust.
The electric eel shoots out a bolt of lightning at you!
The bolt of electricity hits you.
* * * LOW HITPOINT WARNING * * *
You feel better.
The electric eel shoots out a bolt of lightning at you!
The bolt of electricity hits you.
* * * LOW HITPOINT WARNING * * *
The electric eel shoots out a bolt of lightning at you!
The bolt of electricity hits you!
You die...
Your body crumbles into a pile of gold.

# #####PP ####...P.PP ##
####....~~~P~♣ #.# ###
###....#~!~~♣~~~ ...##.## ###
#.@.#~~~.S~♣~S~P
.^.....####.###.##~$~~~~♣PP..#
.#.......#...#..##~~~S≈~♣P~###
............##.###.~~♣♣♣PP~P#
....###........###.P~~≈ ♣PP.#
........#.......##~~P~♣≈


~PPP ..#.)..##.##..#.###..PP~≈≈♣~. ..#.....#..###....##PPP~~♣♣≈♣~
............##.........P.~P~~P You could see an electric eel.

Vanquished Creatures
  Joseph (D:7)
  Maggie (D:7)
  A kobold demonologist (D:5)
  Grinder (D:4)
  A wyvern (D:5)
  2 steam dragons
  A sky beast (D:6)
  An ice beast (D:6)
  An orc warrior (D:6)
  A phantom (D:6)
  3 bullfrogs
  3 scorpions
  2 wights (D:4)
  3 electric eels (D:7)
  A howler monkey (D:5)
  A hound (D:7)
  A jelly (D:5)
  A gnoll bouda (D:6)
  A human zombie (D:4)
  Crazy Yiuf (D:3)
  6 iguanas
  Terence (D:3)
  2 scorpion zombies (D:4)
  4 orc wizards
  A hound zombie (D:4)
  2 mummies (D:4)
  A howler monkey zombie (D:4)
  3 adders
  7 gnolls (D:6)
  4 shadow imps
  2 ufetubi (D:6)
  2 adder zombies (D:4)
  2 dart slugs
  16 orcs
  5 bats
  6 endoplasms
  5 giant cockroaches
  9 goblins
  A hobgoblin (D:3)
  7 jackals (D:2)
  3 quokkas
  7 ball pythons
  3 frilled lizards
  A jackal zombie (D:4)
  5 kobolds
  6 rats
139 creatures vanquished.

Vanquished Creatures (others)
  17 plants (D:7)
17 creatures vanquished.

Grand Total: 156 creatures vanquished

Notes
Turn   | Place    | Note
-------+----------+-------------------------------------------
     0 | D:1      | retardedninja the Minotaur Fighter began the quest for the
                  | Orb.
     0 | D:1      | Reached XP level 1. HP: 19/19 MP: 0/0
    68 | D:1      | Found a faded altar of an unknown god.
   145 | D:1      | Reached XP level 2. HP: 24/27 MP: 1/1
   473 | D:1      | Found Tuilia Tyse's Book Shoppe.
   876 | D:2      | Reached XP level 3. HP: 28/33 MP: 2/2
  1562 | D:3      | Noticed Terence
  1579 | D:3      | Killed Terence
  1580 | D:3      | Reached XP level 4. HP: 31/41 MP: 3/3
  2025 | D:3      | Found a runed translucent door.
  2026 | D:3      | Noticed Crazy Yiuf
  2107 | D:3      | Killed Crazy Yiuf
  2323 | D:4      | Found a hide-covered altar of Uskayaw.
  2412 | D:4      | Found a bloodstained altar of Trog.
  2579 | D:4      | Noticed Grinder
  2592 | D:4      | HP: 2/41 [Grinder (4)]
  2595 | D:4      | Killed Grinder
  2596 | D:4      | Reached skill level 5 in Fighting
  2596 | D:4      | Reached skill level 5 in Armour
  2596 | D:4      | Reached skill level 5 in Shields
  2596 | D:4      | Reached XP level 5. HP: 9/48 MP: 4/4
  2596 | D:4      | Reached XP level 6. HP: 11/56 MP: 5/5
  3268 | D:4      | Found a basalt altar of Yredelemnul.
  3329 | D:4      | Reached skill level 5 in Axes
  3329 | D:4      | Reached XP level 7. HP: 54/62 MP: 6/6
  3738 | D:5      | Entered Level 5 of the Dungeon
  3992 | D:5      | Found a glowing golden altar of the Shining One.
  4083 | D:5      | Found a white marble altar of Elyvilon.
  4238 | D:5      | Noticed a steam dragon
  4248 | D:5      | HP: 3/94 [steam dragon/ball of steam (13)]
  4249 | D:5      | Killed a steam dragon
  4766 | D:5      | Noticed a kobold demonologist
  4778 | D:5      | Noticed a chaos spawn
  4781 | D:5      | Killed a kobold demonologist
  4782 | D:5      | Reached XP level 8. HP: 31/71 MP: 7/7
  5951 | D:5      | Found a staircase to the Ecumenical Temple.
  5978 | Temple   | Entered the Ecumenical Temple
  6058 | Temple   | Became a worshipper of Gozag Ym Sagoz the Greedy
  7047 | D:6      | Reached XP level 9. HP: 76/81 MP: 8/8
  7486 | D:7      | Noticed Joseph
  7503 | D:7      | Killed Joseph
  8609 | D:7      | Noticed Maggie
  8631 | D:7      | Killed Maggie
  9763 | D:7      | HP: 4/83 [electric eel/bolt of electricity (4)]
  9765 | D:7      | Killed from afar by an electric eel

Illustrated notes

Levels and vault maps discovered:
D:1:      wander_arrival_estate, layout_loops_ring,
          hellmonk_ecumenical_altar_prayer_group, serial_shops,
          nicolae_shop_trees
D:2:      layout_rooms
D:3:      layout_basic, uniq_crazy_yiuf_cottage, uniq_terence
D:4:      layout_gridville, lemuel_mausoleum_altar_yredelemnul,
          mainiacjoe_overflow_small_starburst, old_standard_altar, uniq_grinder
D:5:      layout_basic, mainiacjoe_overflow_tiny_flanked,
          mainiacjoe_overflow_alcove_2, lemuel_temple_firewalk_a,
          minmay_manual_mullet
D:6:      layout_basic
D:7:      layout_cave_pools, serial_bayou, serial_bayou_shore_a,
          serial_bayou_pond_e, serial_bayou_lagoon_a, serial_bayou_shore_b,
          serial_bayou_lagoon_b, serial_bayou_lake_a, uniq_joseph,
          uniq_menkaure, uniq_maggie
Temple:   kb_temple_of_zot

Skill      XL: |  1  2  3  4  5  6  7  8  9 |
---------------+----------------------------+-----
Fighting       | 4 5 6 7 9 |  9.0
Shields        | 4 5 6 7 9 |  9.0
Armour         | 4 5 6 7 9 |  9.0
Axes           | 3 4 5 6 7 8 |  8.6

Action                   |  1- 3 |  4- 6 |  7- 9 || total
-------------------------+-------+-------+-------++-------
Melee: War axe           |   107 |    77 |   210 ||   394
       Headbutt          |    10 |    16 |    49 ||    75
  Use: Potion            |       |     2 |     5 ||     7
       Scroll            |       |       |    12 ||    12
 Stab: Distracted        |       |       |     1 ||     1
Armor: Scale mail        |    16 |       |       ||    16
       Plate armour      |    58 |    36 |   131 ||   225
Dodge: Dodged            |    48 |    13 |    32 ||    93
Block: Buckler           |    21 |     1 |       ||    22
       Kite shield       |       |    29 |    94 ||   123
